 Dungeon Crawl Stone Soup version 0.26-a0-540-g8a0c9464d7 (webtiles) character file.

Game seed: 14218790698440423870

61083 vurker the Covert (level 15, -3/119 HPs)
             Began as a Gnoll Delver on Aug 23, 2020.
             Was the Champion of Cheibriados.
             Killed from afar by a hell hound (11 damage)
             ... with a blast of flame
             ... led by Azrael
             ... on level 13 of the Dungeon.
             The game lasted 00:30:02 (20680 turns).

vurker the Covert (Gnoll Delver)                   Turns: 20680, Time: 00:30:02

Health: -3/119     AC: 25    Str: 34    XL:     15   Next: 1%
Magic:  37/37      EV: 19    Int: 30    God:    Cheibriados [******]
Gold:   1499       SH: 34    Dex: 33    Spells: 33/33 levels left

rFire    . . .     SeeInvis .   a - +3 demon blade (elec)
rCold    + . .     Faith    .   O - +13 tower shield of the Heron {rPois rC+ Str+2}
rNeg     + . .     Spirit   .   m - +0 pearl dragon scales
rPois    +         Reflect  .   z - +2 helmet
rElec    .         Harm     .   y - +1 cloak
rCorr    .                      H - +0 pair of gloves
MR       +....                  J - +2 pair of boots
Stlth    ++........             D - amulet of regeneration
HPRegen  0.69/turn              p - ring of wizardry
MPRegen  0.25/turn              K - ring of magical power

@: liquid flames, glowing, very slow
A: distributed training, fangs 1, dopey 1, sense surroundings 1, strong 1,
strong nose
a: Bend Time, Temporal Distortion, Slouch, Step From Time, Renounce Religion


You were on level 13 of the Dungeon.
You worshipped Cheibriados.
Cheibriados was exalted by your worship.
You visited 4 branches of the dungeon, and saw 22 of its levels.

You collected 2446 gold pieces.
You spent 947 gold pieces at shops.

Inventory:

Hand Weapons
 a - a +3 demon blade of electrocution (weapon)
   (You took it off a torturous demonspawn on level 2 of the Orcish Mines)
 I - a +1 antimagic broad axe
   (You took it off an orc knight on level 2 of the Orcish Mines)
Armour
 m - +0 pearl dragon scales (worn)
   (You found it on level 1 of the Lair of Beasts)
 y - a +1 cloak (worn)
   (You took it off Crazy Yiuf on level 2 of the Dungeon)
 z - a +2 helmet (worn)
   (You found it on level 3 of the Dungeon)
 H - a +0 pair of gloves (worn)
   (You found it on level 8 of the Dungeon)
 J - a +2 pair of boots (worn)
   (You found it on level 10 of the Dungeon)
 O - the +13 tower shield of the Heron (worn) {rPois rC+ Str+2}
   (You found it on level 6 of the Lair of Beasts)

   It affects your strength (+2).
   It protects you from cold.
   It protects you from poison.
Jewellery
 p - a ring of wizardry (left hand)
   (You found it on level 1 of the Dungeon)
 B - an uncursed ring of ice
   (You found it on level 5 of the Dungeon)
 D - an amulet of regeneration (around neck)
   (You found it on level 8 of the Dungeon)
 K - a ring of magical power (right hand)
   (You found it on level 11 of the Dungeon)
Wands
 c - a wand of disintegration (19)
   (You found it on level 8 of the Dungeon)
 t - a wand of flame (81)
   (You found it on level 7 of the Dungeon)
 u - a wand of paralysis (10)
   (You found it on level 3 of the Dungeon)
 v - a wand of digging (3)
 x - a wand of acid (10)
   (You found it on level 6 of the Lair of Beasts)
 N - a wand of polymorph (10)
   (You found it on level 6 of the Lair of Beasts)
Scrolls
 b - 9 scrolls of teleportation
 d - 3 scrolls of magic mapping
 e - 6 scrolls of fear
 g - 6 scrolls of remove curse
 i - 2 scrolls of amnesia
 j - 2 scrolls of identify
 k - 12 scrolls of blinking
 l - 4 scrolls of enchant armour
 w - 2 scrolls of immolation
 E - 3 scrolls of fog
Potions
 f - a potion of invisibility
 h - 12 potions of curing
 n - 5 potions of brilliance
 o - a potion of mutation
 q - a potion of ambrosia
 r - 4 potions of lignification
 s - 4 potions of flight
 A - 3 potions of heal wounds
 G - 5 potions of cancellation
 P - 2 potions of resistance


   Skills:
 + Level 11.5 Fighting
 + Level 9.7 Short Blades
 + Level 9.7 Long Blades
 + Level 9.7 Axes
 + Level 10.6 Maces & Flails
 + Level 9.7 Polearms
 + Level 9.7 Staves
 + Level 9.7 Slings
 + Level 9.7 Bows
 + Level 9.7 Crossbows
 + Level 9.7 Throwing
 + Level 9.7 Armour
 + Level 10.6 Dodging
 + Level 13.1 Stealth
 + Level 9.7 Shields
 + Level 9.7 Unarmed Combat
 + Level 9.7 Spellcasting
 + Level 8.1 Conjurations
 + Level 8.1 Hexes
 + Level 8.1 Summonings
 + Level 8.1 Necromancy
 + Level 8.1 Translocations
 + Level 8.1 Transmutations
 + Level 8.1 Fire Magic
 + Level 8.1 Ice Magic
 + Level 8.1 Air Magic
 + Level 8.1 Earth Magic
 + Level 8.1 Poison Magic
 + Level 10.5 Invocations
 + Level 9.7 Evocations


You had 33 spell levels left.
You didn't know any spells.
Your spell library contained the following spells:

 Spells                   Type           Power        Failure   Level
 Animate Skeleton         Necr           ######       1%          1
 Apportation              Tloc           ######       1%          1
 Corona                   Hex            ######.      1%          1
 Foxfire                  Conj/Fire      ####         1%          1
 Magic Dart               Conj           ####         1%          1
 Pain                     Necr           ####         1%          1
 Summon Small Mammal      Summ           ####         1%          1
 Blink                    Tloc           N/A          1%          2
 Call Imp                 Summ           ######..     1%          2
 Slow                     Hex            ######..     1%          2
 Conjure Flame            Conj/Fire      ######..     2%          3
 Inner Flame              Hex/Fire       ######..     2%          3
 Mephitic Cloud           Conj/Pois/Air  ######..     2%          3
 Vampiric Draining        Necr           ######....   2%          3
 Animate Dead             Necr           ######....   8%          4
 Cause Fear               Hex            ######....   8%          4
 Sticky Flame             Conj/Fire      ######..     8%          4
 Agony                    Necr           ######..     21%         5
 Fireball                 Conj/Fire      ######....   21%         5
 Silence                  Hex/Air        ######....   21%         5
 Yara's Violent Unravell  Hex/Tmut       ######....   21%         5
 Discord                  Hex            ######....   100%        8


Dungeon Overview and Level Annotations

Branches:
Dungeon (13/15)            Temple (1/1) D:6            Lair (6/6) D:8
  Swamp (0/4) Lair:3        Snake (0/4) Lair:4        Slime (0/5) Lair:5
    Orc (2/2) D:11            Elf (0/3) Orc:2
 Vaults: D:13-14

Altars:
Ashenzari
Cheibriados
Elyvilon
Fedhas
Hepliaklqana
Kikubaaqudgha
Makhleb
Okawaru
Qazlal
Ru
Uskayaw
Vehumet
Wu Jian
Xom
Yredelemnul
The Shining One
Beogh

Shops:
D:7 !}(   D:13 (}   Orc:2 }(?*

Portals:
Abyss: Lair:3
Pandemonium: Orc:2

Annotations:
D:10 5 runed translucent doors
D:13 Azrael
Lair:3 2 transporters, Kiuman's ghost, journeyman TeAE
Lair:6 exclusion: 3 oklob plants


Innate Abilities, Weirdness & Mutations

Your experience applies equally to all skills.
You have very sharp teeth.
Your uncanny sense of smell can sniff out nearby items.
You are dopey. (Int -2)
You passively map a small area around you.
Your muscles are strong. (Str +2)


Message History

No target in view!
No target in view!
No target in view!
No target in view!
No target in view!
Things that are here:
a +0 falchion; a yak corpse
Things that are here:
a +0 ring mail; a yak corpse Azrael the Boundless Flame comes into view.
He is wielding a +0 scimitar of flaming.
Azrael gestures at you. The bolt of fire hits you!!! Azrael gestures at you.
The sphere of damnation explodes!
The damnation engulfs you!!!
* * * LOW HITPOINT WARNING * * *
You hear a bark! x3
There is an open door here.
You feel much better.
You barely miss Azrael. You bite Azrael. You block Azrael's attack.
You hit Azrael. Lightning courses through Azrael! Azrael gestures at you.
The sphere of damnation explodes!
The damnation engulfs you!!!
* * * LOW HITPOINT WARNING * * *
The damnation engulfs Azrael.
Azrael completely resists.
You hear a bark! x2; You hear a horrible gurgling sound!
You feel much better. Azrael gestures at you.
The sphere of damnation explodes!
The damnation engulfs you!!
* * * LOW HITPOINT WARNING * * *
The damnation engulfs Azrael.
Azrael completely resists.
You feel much better. Azrael gestures at you. The bolt of fire hits you!
* * * LOW HITPOINT WARNING * * *
You feel much better.
A hell hound comes into view.
Azrael gestures at you.
The sticky flame hits you but does no damage.
You are covered in liquid flames!
You hit Azrael but do no damage. You bite Azrael!
You are covered in liquid flames!
* * * LOW HITPOINT WARNING * * *
Azrael gestures at you.
The fireball explodes!
The fireball engulfs you!!
* * * LOW HITPOINT WARNING * * *
The fireball engulfs Azrael.
Azrael completely resists.
The hell hound breathes flames at you.
The blast of flame hits Azrael.
Azrael completely resists.
The blast of flame hits you!
You die...

, , ,, , , ....,, , ,, ,
.... * , ##+#*..#
######..##..#** ,
#.<..#......# , , ,
,#....#......#, , ..
#....#......#
....,#....'...@..#, ' , , ,
.....########R#####, *
.......)..)..h.R○.#####...
,
...........)[.☼..°..[.....
*...)......).......°.......
............>.............
#####.....................
*,, #.....................
#....................○ ,


You could see Azrael and a hell hound (catching breath).

Vanquished Creatures
  Kirke (Lair:4)
  An orc warlord (Orc:1)
  An ettin (Orc:2)
  Erolcha (D:9)
  2 hydras
  3 catoblepae (Lair:6)
  8 death yaks (Lair:6)
  2 two-headed ogres
  A tengu warrior (D:13)
  4 orc high priests (Orc:2)
  A sun demon (Orc:2)
  An infernal demonspawn (Orc:2)
  A torturous demonspawn (Orc:2)
  A lindwurm (Lair:6)
  6 orc knights
  2 manticores (Lair:6)
  4 ugly things
  6 elephants (Lair:4)
  8 orc sorcerers (Orc:2)
  A black mamba (Lair:1)
  2 orange demons (Orc:2)
  10 cane toads
  Maggie (D:9)
  4 komodo dragons
  2 hellwings (Orc:2)
  4 trolls
  11 blink frogs
  A bog body (Lair:3)
  8 hippogriffs
  Sigmund (D:2)
  A vampire (D:9)
  2 shadows
  A wyvern (D:8)
  43 yaks
  A ynoxinul (Orc:2)
  3 wraiths
  A neqoxec (Orc:2)
  4 hogs (Lair:4)
  3 wargs (Orc:1)
  12 water moccasins
  7 porcupines
  A black bear (D:6)
  29 orc warriors
  4 phantoms
  3 sky beasts
  3 ice beasts
  A necrophage (D:11)
  9 ogres
  10 centaurs
  9 crocodiles
  Blork the orc (D:6)
  8 bullfrogs
  5 big kobolds
  A water moccasin skeleton (D:9)
  3 scorpions
  27 killer bees
  4 wights (D:11)
  A howler monkey (D:11)
  4 centaur zombies
  2 jellies
  2 quasits
  25 orc priests
  7 hounds
  A gnoll shaman (D:7)
  9 orc wizards
  Crazy Yiuf (D:2)
  4 bullfrog skeletons
  A centaur skeleton (D:4)
  5 iguanas
  9 worker ants
  A hound skeleton (D:11)
  A howler monkey zombie (D:10)
  2 worker ant zombies
  2 howler monkey skeletons (D:6)
  17 adders
  3 gnolls (D:7)
  4 shadow imps
  2 white imps (D:7)
  3 oozes (Lair:5)
  2 ufetubi
  An adder skeleton (D:6)
  An adder zombie (D:9)
  4 dart slugs
  2 leopard geckos
  84 orcs
  5 giant cockroaches
  3 goblins
  8 hobgoblins
  11 jackals
  37 kobolds
  3 quokkas
  9 bats
  4 frilled lizards
  2 gnoll zombies (D:2)
  A leopard gecko skeleton (D:5)
  A quokka zombie (D:6)
  10 rats
589 creatures vanquished.

Vanquished Creatures (others)
  4 fungi
  A plant (Lair:4)
5 creatures vanquished.

Grand Total: 594 creatures vanquished

Notes
Turn   | Place    | Note
-------+----------+-------------------------------------------
     0 | D:5      | Reached skill level 9 in Stealth
     0 | D:5      | vurker the Gnoll Delver began the quest for the Orb.
     0 | D:5      | Reached XP level 1. HP: 23/23 MP: 1/1
    12 | D:5      | Noticed an iguana
   219 | D:4      | Reached XP level 2. HP: 10/29 MP: 2/2
   219 | D:4      | Reached XP level 3. HP: 12/35 MP: 3/3
   433 | D:4      | Reached skill level 1 in Short Blades
   433 | D:4      | Reached skill level 1 in Long Blades
   433 | D:4      | Reached skill level 1 in Axes
   433 | D:4      | Reached skill level 1 in Polearms
   433 | D:4      | Reached skill level 1 in Staves
   433 | D:4      | Reached skill level 1 in Slings
   433 | D:4      | Reached skill level 1 in Bows
   433 | D:4      | Reached skill level 1 in Crossbows
   433 | D:4      | Reached skill level 1 in Throwing
   433 | D:4      | Reached skill level 1 in Armour
   433 | D:4      | Reached skill level 1 in Shields
   433 | D:4      | Reached skill level 1 in Unarmed Combat
   433 | D:4      | Reached skill level 1 in Spellcasting
   433 | D:4      | Reached skill level 1 in Invocations
   433 | D:4      | Reached skill level 1 in Evocations
   433 | D:4      | Reached XP level 4. HP: 38/41 MP: 3/5
   777 | D:4      | Reached skill level 1 in Conjurations
   777 | D:4      | Reached skill level 1 in Hexes
   777 | D:4      | Reached skill level 1 in Summonings
   777 | D:4      | Reached skill level 1 in Necromancy
   777 | D:4      | Reached skill level 1 in Translocations
   777 | D:4      | Reached skill level 1 in Transmutations
   777 | D:4      | Reached skill level 1 in Fire Magic
   777 | D:4      | Reached skill level 1 in Ice Magic
   777 | D:4      | Reached skill level 1 in Air Magic
   777 | D:4      | Reached skill level 1 in Earth Magic
   777 | D:4      | Reached skill level 1 in Poison Magic
   914 | D:4      | Reached XP level 5. HP: 46/47 MP: 6/6
  2416 | D:2      | Found a runed translucent door.
  2417 | D:2      | Noticed Crazy Yiuf
  2632 | D:2      | Found a basalt altar of Yredelemnul.
  2680 | D:2      | Noticed Sigmund
  2712 | D:2      | Killed Sigmund
  2712 | D:2      | Reached skill level 5 in Maces & Flails
  2712 | D:2      | Reached skill level 5 in Dodging
  2712 | D:2      | Reached XP level 6. HP: 17/53 MP: 7/9
  3286 | D:2      | Killed Crazy Yiuf
  3684 | D:3      | Reached XP level 7. HP: 48/59 MP: 10/10
  4132 | D:3      | Found an ornate altar of the Wu Jian Council.
  5452 | D:6      | Reached skill level 10 in Stealth
  5463 | D:6      | Reached XP level 8. HP: 37/67 MP: 12/12
  5604 | D:6      | Found a staircase to the Ecumenical Temple.
  5757 | Temple   | Entered the Ecumenical Temple
  5778 | Temple   | Became a worshipper of Cheibriados the Contemplative
  5828 | D:6      | Found a glowing golden altar of the Shining One.
  5830 | D:6      | Found a sacrificial altar of Ru.
  5830 | D:6      | Found a radiant altar of Vehumet.
  5832 | D:6      | Found a burning altar of Makhleb.
  5832 | D:6      | Found a shattered altar of Ashenzari.
  5832 | D:6      | Found a shimmering altar of Xom.
  5913 | D:6      | Noticed Blork the orc
  5930 | D:6      | Killed Blork the orc
  6311 | D:7      | Reached * piety under Cheibriados
  6619 | D:7      | Found Ikloipaff's Gadget Boutique.
  6641 | D:7      | Noticed a hippogriff
  6650 | D:7      | Reached XP level 9. HP: 58/72 MP: 14/14
  6689 | D:7      | Reached ** piety under Cheibriados
  7255 | D:7      | Found Xaocvil's Antique Weapon Emporium.
  7364 | D:7      | Found a white marble altar of Elyvilon.
  7565 | D:7      | Reached *** piety under Cheibriados
  7694 | D:7      | Found Deodolif's Distillery.
  7697 | D:7      | Bought a potion of heal wounds for 75 gold pieces
  7697 | D:7      | Bought a potion of mutation for 120 gold pieces
  7697 | D:7      | Bought a potion of cancellation for 120 gold pieces
  7851 | D:8      | Reached skill level 5 in Invocations
  8016 | D:8      | Found a staircase to the Lair.
  8055 | D:8      | Found a sacrificial altar of Ru.
  8124 | D:8      | Found a stormy altar of Qazlal.
  8648 | D:8      | Noticed a two-headed ogre
  8653 | D:8      | Killed a two-headed ogre
  8653 | D:8      | Reached skill level 5 in Short Blades
  8653 | D:8      | Reached skill level 5 in Long Blades
  8653 | D:8      | Reached skill level 5 in Axes
  8653 | D:8      | Reached skill level 5 in Polearms
  8653 | D:8      | Reached skill level 5 in Staves
  8653 | D:8      | Reached skill level 5 in Slings
  8653 | D:8      | Reached skill level 5 in Bows
  8653 | D:8      | Reached skill level 5 in Crossbows
  8653 | D:8      | Reached skill level 5 in Throwing
  8653 | D:8      | Reached skill level 5 in Armour
  8653 | D:8      | Reached skill level 5 in Shields
  8653 | D:8      | Reached skill level 5 in Unarmed Combat
  8653 | D:8      | Reached skill level 5 in Spellcasting
  8653 | D:8      | Reached skill level 5 in Evocations
  8653 | D:8      | Reached XP level 10. HP: 81/81 MP: 17/17
  8756 | D:9      | Noticed a green ugly thing
  8764 | D:9      | Killed a green ugly thing
  8811 | D:9      | Reached **** piety under Cheibriados
  9001 | D:9      | Noticed Maggie
  9017 | D:9      | Killed Maggie
  9135 | D:9      | Found a hazy altar of Hepliaklqana.
  9260 | D:9      | Noticed Erolcha
  9275 | D:9      | Killed Erolcha
  9275 | D:9      | Reached skill level 11 in Stealth
  9525 | D:9      | Reached XP level 11. HP: 87/87 MP: 19/19
  9532 | D:9      | Reached ***** piety under Cheibriados
  9579 | D:10     | Entered Level 10 of the Dungeon
  9920 | D:10     | Found a runed translucent gate.
  9922 | D:10     | Found the +9 staff of Olgreb {rPois∞}
  9925 | D:10     | Found a runed translucent door.
  9949 | D:10     | Found a runed translucent gate.
  9949 | D:10     | Found a runed translucent gate.
 10007 | D:10     | Found a runed translucent door.
 10225 | D:11     | Reached skill level 5 in Conjurations
 10225 | D:11     | Reached skill level 5 in Hexes
 10225 | D:11     | Reached skill level 5 in Summonings
 10225 | D:11     | Reached skill level 5 in Necromancy
 10225 | D:11     | Reached skill level 5 in Translocations
 10225 | D:11     | Reached skill level 5 in Transmutations
 10225 | D:11     | Reached skill level 5 in Fire Magic
 10225 | D:11     | Reached skill level 5 in Ice Magic
 10225 | D:11     | Reached skill level 5 in Air Magic
 10225 | D:11     | Reached skill level 5 in Earth Magic
 10225 | D:11     | Reached skill level 5 in Poison Magic
 10270 | D:11     | Noticed a brown ugly thing
 10295 | D:11     | Killed a brown ugly thing
 10482 | D:11     | Noticed a green ugly thing
 10498 | D:11     | Killed a green ugly thing
 10581 | D:11     | Got a bloodstained leather armour
 10582 | D:11     | Identified the +2 leather armour of Sorcery {rF++ rN+ rCorr
                  | Int-2} (You found it on level 11 of the Dungeon)
 10592 | D:11     | Noticed a brown ugly thing
 10612 | D:11     | Killed a brown ugly thing
 10732 | D:11     | Found a staircase to the Orcish Mines.
 10931 | D:11     | Reached ****** piety under Cheibriados
 11307 | Lair:1   | Entered Level 1 of the Lair of Beasts
 11454 | Lair:1   | Got a bound copper ring
 11464 | Lair:1   | Identified the ring of Duhunodgh {rPois rC- rN+ Slay+5}
                  | (You found it on level 1 of the Lair of Beasts)
 12141 | Lair:2   | Reached XP level 12. HP: 96/96 MP: 22/22
 12888 | Lair:3   | Found a staircase to the Swamp.
 13052 | Lair:3   | Found a transporter.
 13117 | Lair:3   | Found a one-way gate to the infinite horrors of the Abyss.
 13117 | Lair:3   | Noticed Kiuman's ghost (journeyman TeAE)
 13214 | Lair:3   | Found a transporter.
 13378 | Lair:4   | Noticed a five-headed hydra
 13384 | Lair:4   | Killed a five-headed hydra
 13558 | Lair:4   | Found a staircase to the Snake Pit.
 13676 | Lair:4   | Reached skill level 10 in Fighting
 13704 | Lair:4   | Noticed Kirke
 13835 | Lair:4   | Noticed a sphinx
 13997 | Lair:4   | Reached skill level 12 in Stealth
 14202 | Lair:4   | Found a staircase to the Snake Pit.
 14446 | Lair:4   | Killed Kirke
 14446 | Lair:4   | Reached XP level 13. HP: 54/103 MP: 10/24
 15129 | Lair:5   | Found a staircase to the Slime Pits.
 15828 | Lair:6   | Entered Level 6 of the Lair of Beasts
 16477 | Lair:6   | Got a faintly glowing chain mail
 16596 | Lair:6   | Identified the cursed +0 chain mail "Tuemauce" {MR+ Int+2
                  | Dex+2} (You found it on level 6 of the Lair of Beasts)
 16692 | Lair:6   | Got a pitted tower shield
 16816 | Lair:6   | Reached XP level 14. HP: 108/111 MP: 26/26
 16846 | Lair:6   | Reached skill level 10 in Maces & Flails
 16846 | Lair:6   | Reached skill level 10 in Dodging
 16869 | Lair:6   | Identified the +13 tower shield of the Heron {rPois rC+
                  | Str+2} (You found it on level 6 of the Lair of Beasts)
 17358 | Orc:1    | Entered Level 1 of the Orcish Mines
 17362 | Orc:1    | Noticed an orc warlord
 17408 | Orc:1    | Killed an orc warlord
 17652 | Orc:1    | You fall into a shaft and drop 1 floor!
 17652 | Orc:2    | Entered Level 2 of the Orcish Mines
 18155 | Orc:2    | Found a roughly hewn altar of Beogh.
 18257 | Orc:2    | Found a staircase to the Elven Halls.
 18479 | Orc:2    | Reached skill level 10 in Invocations
 18512 | Orc:2    | Found Puiprogy's Magic Scroll Shoppe.
 18601 | Orc:2    | Found Qeghar's General Store.
 18680 | Orc:2    | Bought a scroll of teleportation for 39 gold pieces
 18680 | Orc:2    | Bought a scroll of teleportation for 39 gold pieces
 18680 | Orc:2    | Bought a scroll of blinking for 97 gold pieces
 18680 | Orc:2    | Bought a scroll of blinking for 97 gold pieces
 18832 | Orc:2    | Gained mutation: You tend to lose your temper in combat. [a
                  | neqoxec]
 18833 | Orc:2    | Gained mutation: You often lose your temper in combat. [a
                  | neqoxec]
 18984 | Orc:2    | Lost mutation: You often lose your temper in combat.
                  | [potion of mutation]
 18984 | Orc:2    | Lost mutation: You tend to lose your temper in combat.
                  | [potion of mutation]
 18984 | Orc:2    | Gained mutation: You passively map a small area around you.
                  | [potion of mutation]
 18984 | Orc:2    | Gained mutation: You are dopey. (Int -2) [potion of
                  | mutation]
 18984 | Orc:2    | Gained mutation: Your muscles are strong. (Str +2) [potion
                  | of mutation]
 19177 | Orc:2    | Reached skill level 13 in Stealth
 19221 | Orc:2    | Found Locadec's Gadget Shop.
 19221 | Orc:2    | Found Pyinn's Antique Weapon Boutique.
 19268 | Orc:2    | Found a one-way gate leading to the halls of Pandemonium.
 19645 | D:12     | Found a stormy altar of Qazlal.
 19913 | D:12     | Got an ancient dagger
 20361 | D:13     | Found Baphabbi's Gadget Emporium.
 20378 | D:13     | Found Cafrase's Antique Weapon Emporium.
 20512 | D:7      | Bought 2 potions of cancellation for 240 gold pieces
 20512 | D:7      | Bought a potion of mutation for 120 gold pieces
 20647 | D:13     | Reached XP level 15. HP: 119/119 MP: 28/28
 20667 | D:13     | Noticed Azrael
 20680 | D:13     | Killed from afar by a hell hound

Illustrated notes

Levels and vault maps discovered:
D:1:      onia_arrival_pyramid, layout_rooms, corner_web_ring, roderic_lattice_a
D:2:      layout_loops_ring, lemuel_zombie_altar_yredelemnul,
          uniq_crazy_yiuf_cottage, uniq_sigmund
D:3:      layout_loops_ring, lemuel_coloured_pillars_altar
D:4:      layout_loops_corners, nicolae_ossuary_entry_ruins
D:5:      layout_cave_pools
D:6:      layout_rooms, doesnt_xom_only_xom, minmay_temple_entry_glass,
          uniq_blork_the_orc
D:7:      layout_basic, basic_altar, serial_shops, kennysheep_little_box, shop,
          kennysheep_mini
D:8:      layout_basic, grunt_qazlal_clouds, nicolae_overflow_hidden_temple,
          serial_bayou_pond_a, kennysheep_generic_room_6
D:9:      layout_rooms, marbit_many_paths, uniq_erolcha, uniq_maggie
D:10:     layout_irregular_city, minmay_guarded_unrand_staff_of_olgreb
D:11:     layout_irregular_city, orc_0_dummy
D:12:     minmay_angry_zag, layout_gridville, basic_altar
D:13:     layout_gridville, serial_shops, nicolae_shop_trees, shop_statue,
          nicolae_shop_window_shopping, shop, corexii_checkpoint_b, uniq_azrael
Temple:   eino_temple_scatter_basement
Lair:1:   layout_chaotic_city
Lair:2:   layout_gridlike
Lair:3:   layout_loops_ring, skrybe_swamp_entry_bodies,
          gammafunk_ghost_abyssal_escape, grunt_megastairs_4
Lair:4:   layout_roguey, dummy_snake_entry, uniq_kirke
Lair:5:   layout_layer_cave, nicolae_slime_entry_slimehenge, minmay_holes,
          infiniplex_staircase_pool_2
Lair:6:   evilmike_catoblepas_cave, layout_concentric_octagons,
          minmay_lair_oklob_chamber, infiniplex_staircase_pool
Orc:1:    layout_diamond_mine
Orc:2:    pf_orc_diabolical, layout_caves, basic_altar

Skill      XL: |  1  2  3  4  5  6  7  8  9 10 11 12 13 14 |
---------------+-------------------------------------------+-----
Stealth        | 10 11 12 13 | 13.1
Short Blades   | 1 2 3 5 6 7 8 9 |  9.7
Long Blades    | 1 2 3 5 6 7 8 9 |  9.7
Axes           | 1 2 3 5 6 7 8 9 |  9.7
Polearms       | 1 2 3 5 6 7 8 9 |  9.7
Staves         | 1 2 3 5 6 7 8 9 |  9.7
Slings         | 1 2 3 5 6 7 8 9 |  9.7
Bows           | 1 2 3 5 6 7 8 9 |  9.7
Crossbows      | 1 2 3 5 6 7 8 9 |  9.7
Throwing       | 1 2 3 5 6 7 8 9 |  9.7
Armour         | 1 2 3 5 6 7 8 9 |  9.7
Shields        | 1 2 3 5 6 7 8 9 |  9.7
Unarmed Combat | 1 2 3 5 6 7 8 9 |  9.7
Spellcasting   | 1 2 3 5 6 7 8 9 |  9.7
Invocations    | 1 2 3 4 5 6 7 8 9 10 | 10.5
Evocations     | 1 2 3 5 6 7 8 9 |  9.7
Conjurations   | 1 2 3 4 5 6 7 8 |  8.1
Hexes          | 1 2 3 4 5 6 7 8 |  8.1
Summonings     | 1 2 3 4 5 6 7 8 |  8.1
Necromancy     | 1 2 3 4 5 6 7 8 |  8.1
Translocations | 1 2 3 4 5 6 7 8 |  8.1
Transmutations | 1 2 3 4 5 6 7 8 |  8.1
Fire Magic     | 1 2 3 4 5 6 7 8 |  8.1
Ice Magic      | 1 2 3 4 5 6 7 8 |  8.1
Air Magic      | 1 2 3 4 5 6 7 8 |  8.1
Earth Magic    | 1 2 3 4 5 6 7 8 |  8.1
Poison Magic   | 1 2 3 4 5 6 7 8 |  8.1
Maces & Flails | 5 6 7 8 9 10 | 10.6
Dodging        | 5 6 7 8 9 10 | 10.6
Fighting       | 7 8 9 10 11 | 11.5

Action                   |  1- 3 |  4- 6 |  7- 9 | 10-12 | 13-15 || total
-------------------------+-------+-------+-------+-------+-------++-------
Melee: Mace              |    19 |   233 |   189 |       |       ||   441
       Bite              |     2 |    24 |    85 |   218 |   252 ||   581
       Whip              |       |       |   233 |       |       ||   233
       Short sword       |       |       |   105 |   866 |   707 ||  1678
       Unarmed           |       |       |       |     8 |       ||     8
       Broad axe         |       |       |       |       |   185 ||   185
       Demon blade       |       |       |       |       |   109 ||   109
Invok: Slouch            |       |       |       |     4 |     5 ||     9
Evoke: Wand              |       |       |       |    10 |     1 ||    11
  Use: Potion            |       |     2 |     1 |     1 |     5 ||     9
       Scroll            |       |       |    14 |     8 |     6 ||    28
 Stab: Sleeping          |       |     8 |    22 |    20 |    34 ||    84
       Distracted        |       |     1 |     3 |     3 |       ||     7
Armor: Chain mail        |    13 |   154 |    12 |       |       ||   179
       Ring mail         |       |       |   165 |   141 |       ||   306
       Pearl dragon scal |       |       |       |    60 |   127 ||   187
Dodge: Dodged            |     7 |   109 |   341 |   494 |   336 ||  1287
Block: Buckler           |       |    10 |   151 |    25 |       ||   186
       Kite shield       |       |       |       |   654 |   201 ||   855
       Tower shield      |       |       |       |       |  1060 ||  1060
       Rpst.: Demon blade |       |       |       |       |     5 ||     5

Table legend: (Time is in decaauts)
 A = Elapsed time spent in this place.
 B = Non-inter-level travel time spent in this place.
 C = Inter-level travel time spent in this place.
 D = Time resting spent in this place.
 E = Time spent auto-exploring this place.
 F = Levels seen in this place.
 G = Mean time per level.
                   A        B        C        D        E       F      G
               +--------+--------+--------+--------+--------+-----+--------+
         Total |  29073 |  27130 |   1943 |    329 |  21264 |  22 | 1321.5 |
       Dungeon |  15950 |  14731 |   1219 |    195 |  11423 |  13 | 1226.9 |
        Temple |     32 |     22 |     10 |      0 |     13 |   1 |   32.0 |
          Lair |  10195 |   9723 |    472 |     81 |   8179 |   6 | 1699.2 |
  Orcish Mines |   2894 |   2653 |    241 |     53 |   1648 |   2 | 1447.0 |
               +--------+--------+--------+--------+--------+-----+--------+

Top non-repeatable levels by time:
  Lair:4: 2362 daAuts
  Lair:6: 2043 daAuts
     D:4: 1953 daAuts
  Lair:5: 1886 daAuts
    D:11: 1853 daAuts
   Orc:2: 1831 daAuts
    D:12: 1673 daAuts
     D:7: 1668 daAuts
     D:8: 1487 daAuts
  Lair:1: 1325 daAuts
  Lair:2: 1302 daAuts
  Lair:3: 1275 daAuts
     D:9: 1220 daAuts
    D:10: 1175 daAuts
     D:2: 1150 daAuts
